 Dungeon Crawl Stone Soup version 0.20-a0-616-gad7b6bd (webtiles) character file.

635 AlphabetPasta the Chiller (level 7, -8/32 HPs)
             Began as a Spriggan Ice Elementalist on Feb 9, 2017.
             Was an Initiate of Ru.
             Mangled by an ogre
             ... wielding a +0 giant club
              (23 damage)
             ... on level 5 of the Dungeon.
             The game lasted 00:16:55 (4466 turns).

AlphabetPasta the Chiller (SpIE)                    Turns: 4466, Time: 00:16:55

Health: -8/32      AC:  2    Str:  4    XL:     7   Next: 25%
Magic:  9/15       EV: 19    Int: 19    God:    Ru [......]
Gold:   220        SH:  0    Dex: 16    Spells: 1/15 levels left

rFire    . . .     SeeInvis +   a - +1 rapier
rCold    . . .     Gourm    .   s - +0 robe
rNeg     . . .     Faith    .   (shield restricted)
rPois    .         Spirit   .   (helmet restricted)
rElec    .         Reflect  .   (no cloak)
rCorr    .         Harm     .   (gloves unavailable)
MR       +....                  (boots unavailable)
Stlth    +++.......             (no amulet)
Regen    0.1/turn               (no ring)
                                (no ring)

@: very slightly contaminated, very quick
A: unfitting armour, see invisible, herbivore 3, speed 3, slow metabolism 2
a: Renounce Religion


You were on level 5 of the Dungeon.
You worshipped Ru.
Ru was noncommittal.
You were not hungry.

You visited 1 branch of the dungeon, and saw 5 of its levels.

You collected 220 gold pieces.

Inventory:

Hand Weapons
 a - a +1 rapier (weapon)
 e - a +0 short sword
Armour
 o - a cursed +0 buckler
 s - a +0 robe (worn)
 u - a +2 buckler
Magical Staves
 t - an uncursed staff of wizardry
Wands
 w - a wand of digging (11/24)
Scrolls
 l - a scroll of remove curse
 r - a scroll of enchant weapon
 v - 3 scrolls of torment {unknown}
 x - a scroll of amnesia {unknown}
Potions
 d - 4 potions of curing
 f - a potion of invisibility {unknown}
 g - 2 potions of flight
 h - a potion of heal wounds {unknown}
 i - 3 potions of might
 j - a potion of haste {unknown}
 k - a potion of lignification {unknown}
 m - 2 potions of agility {unknown}
 p - 2 potions of mutation {unknown}
 q - a potion of brilliance {unknown}
Books
 b - a book of Frost

   Spells                             Type                      Level
   a - Freeze                         Ice                          1
   b - Throw Frost                    Conjuration/Ice              2
   c - Ozocubu's Armour               Charms/Ice                   3
   d - Throw Icicle                   Conjuration/Ice              4
   e - Summon Ice Beast               Ice/Summoning                4
Comestibles
 c - 6 bread rations
 n - 3 fruits


   Skills:
 - Level 1.0 Short Blades
 - Level 3.7 Dodging
 + Level 3.9 Stealth
 - Level 1.3 Shields
 + Level 4.9 Spellcasting
 + Level 2.4 Conjurations
 * Level 4.9 Ice Magic


You had one spell level left.
You knew the following spells:

 Your Spells              Type           Power        Failure   Level  Hunger
a - Freeze                Ice            ###.         1%          1    None
b - Throw Frost           Conj/Ice       ###...       6%          2    #......
c - Ozocubu's Armour      Chrm/Ice       ##......     14%         3    ##.....
d - Throw Icicle          Conj/Ice       ###.....     34%         4    ####...
e - Summon Ice Beast      Ice/Summ       ##......     50%         4    ####...


Dungeon Overview and Level Annotations

Branches:
Dungeon (5/15)
 Temple: D:4-7

Altars:
Fedhas
Ru
Sif Muna
Trog
Uskayaw


Innate Abilities, Weirdness & Mutations

You are very small and have problems with some larger weapons.
You are too small for most types of armour.
You have supernaturally acute eyesight. (SInv)
You are a herbivore.
You cover ground extremely quickly.
You need consume almost no food.


Message History

You freeze the ogre.
The ogre is almost dead.
The ogre misses you.
Casting: Freeze
Confirm with . or Enter, or press ? or * to list all spells.
Aiming: Freeze
Press: ? - help, Shift-Dir - straight line, f/p - ogre
Aim: an ogre, wielding a giant club (almost dead)
You freeze the ogre.
The ogre is almost dead.
Casting: Freeze
Confirm with . or Enter, or press ? or * to list all spells.
Aiming: Freeze
Press: ? - help, Shift-Dir - straight line, f/p - ogre
Aim: an ogre, wielding a giant club (almost dead)
You miscast Freeze.
You are very lightly contaminated with residual magic.
Nothing appears to happen.
The ogre hits you with a giant club!!
Ouch! That really hurt!
You die...

### #+#
#####.######
.....#.....
#.$.......#
#.#....#
#.@....#
......O#....#
###.#####.#.#
#.#####.# #
#.......#
#######.# #.#
## #.# .# #.#


You could see an ogre.

Vanquished Creatures
  Sigmund (D:4)
  Blork the orc (D:4)
  2 orc priests (D:4)
  A centaur skeleton (D:4)
  3 orc wizards
  Natasha (twice) (D:4)
  A hound zombie (D:5)
  6 adders
  4 gnolls (D:4)
  An ooze (D:4)
  An adder skeleton (D:4)
  3 leopard geckos
  10 orcs
  2 ball pythons (D:2)
  8 bats
  4 giant cockroaches
  4 goblins (D:2)
  4 hobgoblins
  9 jackals
  2 quokkas
  A ball python skeleton (D:5)
  6 frilled lizards
  7 kobolds
  5 rats
88 creatures vanquished.

Notes
Turn   | Place    | Note
-------+----------+-------------------------------------------
     0 | D:1      | AlphabetPasta the Spriggan Ice Elementalist began the quest for the Orb.
     0 | D:1      | Reached XP level 1. HP: 9/9 MP: 5/5
   258 | D:1      | Reached XP level 2. HP: 13/13 MP: 6/6
   262 | D:1      | Learned a level 2 spell: Throw Frost
  1017 | D:2      | Reached XP level 3. HP: 16/16 MP: 8/8
  1039 | D:2      | Reached skill level 1 in Conjurations
  1641 | D:2      | Learned a level 3 spell: Ozocubu's Armour
  1770 | D:3      | Reached XP level 4. HP: 21/21 MP: 4/9
  1927 | D:3      | Found a hide-covered altar of Uskayaw.
  1958 | D:3      | Found a deep blue altar of Sif Muna.
  2163 | D:4      | Reached skill level 1 in Short Blades
  2518 | D:4      | Found a sacrificial altar of Ru.
  2527 | D:4      | Reached XP level 5. HP: 17/24 MP: 7/11
  2537 | D:4      | Became a worshipper of Ru the Awakened
  2565 | D:4      | Noticed Blork the orc
  2574 | D:4      | Killed Blork the orc
  2656 | D:4      | Found a bloodstained altar of Trog.
  2673 | D:4      | Learned a level 4 spell: Throw Icicle
  2725 | D:4      | Noticed Sigmund
  2774 | D:4      | Killed Sigmund
  2774 | D:4      | Reached skill level 1 in Shields
  2774 | D:4      | Reached XP level 6. HP: 10/28 MP: 4/13
  2953 | D:4      | Noticed Natasha
  2962 | D:4      | Killed Natasha
  2971 | D:4      | Noticed Natasha
  2975 | D:4      | HP: 1/28 [Natasha/magic dart (5)]
  2977 | D:4      | Killed Natasha
  3219 | D:4      | Found a blossoming altar of Fedhas.
  3501 | D:4      | Reached XP level 7. HP: 24/32 MP: 7/14
  3586 | D:4      | Learned a level 4 spell: Summon Ice Beast
  3889 | D:5      | Entered Level 5 of the Dungeon
  4466 | D:5      | Mangled by an ogre

Vault maps used:
D:1:      eino_arrival_druids_welcome
D:3:      lemuel_crystal_altar, nicolae_overflow_crystal_walls
D:4:      nicolae_ru_great_annihilating_truth, bloody_trog,
          hangedman_decor_opposing, fedhas_altar_4, uniq_natasha, uniq_sigmund,
          uniq_blork_the_orc
D:5:      black_bear_nest_1, first_bread

Skill      XL: |  1  2  3  4  5 |
---------------+----------------+-----
Conjurations   | 1 2 |  2.4
Spellcasting   | 3 4 |  4.9
Ice Magic      | 3 4 |  4.9
Short Blades   | 1 |  1.0
Shields        | 1 |  1.3
Dodging        | |  3.7
Stealth        | |  3.9

Action                   |  1- 3 |  4- 6 |  7- 9 || total
-------------------------+-------+-------+-------++-------
Melee: Short sword       |    47 |     6 |       ||    53
       Rapier            |       |    40 |    27 ||    67
       Staff             |       |     1 |       ||     1
 Cast: Freeze            |    46 |    56 |    29 ||   131
       Ozocubu's Armour  |       |     1 |       ||     1
       Throw Frost       |       |     1 |       ||     1
  Use: Scroll            |     3 |     4 |     2 ||     9
       Potion            |       |     2 |       ||     2
 Stab: Sleeping          |    10 |     5 |     3 ||    18
       Paralysed         |       |     1 |       ||     1
       Distracted        |       |       |     1 ||     1
  Eat: Fruit             |       |       |     1 ||     1
Armor: Robe              |     5 |     4 |       ||     9
Dodge: Dodged            |    60 |    63 |    39 ||   162
